 Seeded DCSS version 0.27-a0-955-gb57c800 (webtiles) character file.

Game seed: 1449166785669288046 (custom seed)

230 brinewave the Covert (level 5, 0/38 HPs)
             Began as a Vampire Brigand on Apr 12, 2021.
             Slain by Crazy Yiuf
             ... wielding a +3 quarterstaff of chaos
              (14 damage)
             ... on level 2 of the Dungeon.
             The game lasted 00:19:48 (2425 turns).

brinewave the Covert (Vampire Brigand)              Turns: 2425, Time: 00:19:49

Health: 0/38       AC:  3    Str:  9 (11) XL:     5   Next: 72%
Magic:  5/5        EV: 12    Int: 13      God:
Gold:   182        SH:  0    Dex: 14 (16) Spells: 4/4 levels left

rFire    + . .     SeeInvis +   a - +2 dagger
rCold    . . .     Faith    .   (no shield)
rNeg     . . .     Spirit   .   b - +0 robe
rPois    +         Reflect  .   r - +0 helmet
rElec    .         Harm     .   k - scarf {repulsion}
rCorr    .         Rampage  .   (no gloves)
Will     .....                  (no boots)
Stlth    ++++......             (no amulet)
HPRegen  0.32/turn              h - ring of poison resistance
MPRegen  0.09/turn              p - ring of protection from fire

@: regenerating quickly, repel missiles
A: alive, fangs 3, see invisible, unbreathing 1, vampiric 2
a: Exsanguinate


You were on level 2 of the Dungeon.
You visited 1 branch of the dungeon, and saw 4 of its levels.

You collected 182 gold pieces.

Inventory:

Hand Weapons
 a - a +2 dagger (weapon)
 d - a +1 whip of freezing
Missiles
 e - a curare-tipped dart
 f - 50 stones (quivered)
 g - 2 boomerangs
 l - 5 silver javelins
 m - 17 bolts
 n - 35 sling bullets
 t - 5 poisoned darts
Armour
 b - a +0 robe (worn)
 c - a +0 cloak
 k - a scarf of repulsion (worn)
 r - a +0 helmet (worn)
Jewellery
 h - a ring of poison resistance (left hand)
 i - a ring of fire
 o - a ring of resist corrosion
 p - a ring of protection from fire (right hand)
Scrolls
 j - a scroll of noise
 q - a scroll of teleportation {unknown}
 s - 2 scrolls of identify {unknown}
Potions
 u - 2 potions of brilliance {unknown}


   Skills:
 - Level 1.7 Fighting
 + Level 4.9 Short Blades
 - Level 1.5 Throwing
 - Level 1.1 Dodging
 + Level 8.7 Stealth


You had 4 spell levels left.
You didn't know any spells.
Your spell library contained the following spells:

 Spells                   Type           Power      Damage    Failure   Level
 Summon Small Mammal      Summ           0%         N/A       30%         1
 Call Imp                 Summ           0%         N/A       43%         2
 Frozen Ramparts          Ice            0%         1d2       67%         3
 Ice Form                 Ice/Tmut       0%         N/A       97%         4
 Summon Lightning Spire   Summ/Air       0%         N/A       97%         4
 Shadow Creatures         Summ           N/A        N/A       100%        6


Dungeon Overview and Level Annotations

Branches:
Dungeon (4/15)
 Temple: D:4-7

Altars:

Shops:
D:4 =

Annotations:
D:2 Crazy Yiuf


Innate Abilities, Weirdness & Mutations

Your natural rate of healing is unusually fast.
You have razor-sharp teeth.
You have supernaturally acute eyesight. (SInv)
You can survive without breathing.
You are afflicted with vampirism and can become a bat while bloodless.


Message History

The worm is moderately wounded.
You hit the worm.
The worm is heavily wounded.
The worm bites you!
You hit the worm but do no damage. You bite the worm.
The worm is heavily wounded.
You hit the worm.
The worm is heavily wounded.
You hit the worm. You bite the worm.
The worm is almost dead.
The worm bites you.
You hit the worm.
You kill the worm!
A rat comes into view.
Found 2 grey potions.
You see here Hosta's Grimoire of Summoning and the Snowflakes.
You pick up Hosta's Grimoire of Summoning and the Snowflakes and begin reading...
You add the spells Summon Small Mammal, Call Imp, Frozen Ramparts, Ice Form, Summon Lightning Spire and Shadow Creatures to your library.
The helpless rat fails to defend itself.
You perforate the rat like a sieve!!!
You kill the rat!
u - 2 grey potions
Okay, then.
A rat comes into view.
The helpless rat fails to defend itself.
You stick the rat like a pincushion!!!
You kill the rat!
Found a glowing mace.
Found a runed translucent door.
Press: ? - help, v - describe, . - travel
Here: Crazy Yiuf, wielding a +3 quarterstaff of chaos and wearing a +0 cloak (fire blocked by a runed translucent door)
The floor.
You open the door. You barely miss Crazy Yiuf.
Crazy Yiuf hits you with a +3 quarterstaff of chaos!
Crazy Yiuf burns you.
You hit Crazy Yiuf.
Crazy Yiuf is lightly wounded.
Crazy Yiuf hits you with a +3 quarterstaff of chaos!
You convulse!
You die...

#.# #.# #.# #.# #.#
#.# #.# ### ♣♣#### #.#
#)..#♣♣ ♣♣....## #.#
#...g@♣♣♣♣......######
#.#
#...#♣..♣.............
#.# ###
♣♣♣.♣....#.###### #.#
♣♣♣♣♣###.# #.# #.#
#.####### #.#
#.#.....# ..#
#.#.###.# ####.# #...#
#.# #.#


You could see Crazy Yiuf.

Vanquished Creatures
  A water moccasin skeleton (D:4)
  Jessica (D:2)
  A hound skeleton (D:4)
  Robin (D:2)
  5 adders
  3 worms (D:2)
  A dart slug (D:2)
  5 ball pythons
  4 bats
  11 endoplasms
  2 giant cockroaches (D:1)
  13 goblins
  5 hobgoblins
  10 jackals
  A quokka (D:1)
  2 frilled lizards (D:1)
  3 kobolds
  4 rats
73 creatures vanquished.

Notes
Turn   | Place    | Note
-------+----------+-------------------------------------------
     0 | D:1      | brinewave the Vampire Brigand began the quest for the Orb.
     0 | D:1      | Reached XP level 1. HP: 16/16 MP: 1/1
    45 | D:1      | Reached skill level 6 in Stealth
   149 | D:1      | Reached XP level 2. HP: 22/22 MP: 2/2
   270 | D:1      | Found a faded altar of an unknown god.
   501 | D:1      | Gained mutation: You are afflicted with vampirism and can
                  | become a bat while bloodless. [Vampire growth]
   501 | D:1      | Reached XP level 3. HP: 27/27 MP: 3/3
  1139 | D:2      | Reached skill level 7 in Stealth
  1149 | D:2      | You fall into a shaft and drop 2 floors!
  1149 | D:4      | Found Jucsuc's Jewellery Boutique.
  1240 | D:4      | Reached XP level 4. HP: 29/29 MP: 4/4
  1462 | D:4      | Noticed a phantom
  1505 | D:4      | Reached skill level 8 in Stealth
  1507 | D:4      | Reached XP level 5. HP: 19/34 MP: 5/5
  1643 | D:2      | Noticed Robin
  1821 | D:2      | Noticed Jessica
  1868 | D:2      | Killed Jessica
  2108 | D:2      | Killed Robin
  2364 | D:2      | Identified Hosta's Grimoire of Summoning and the Snowflakes
  2419 | D:2      | Found a runed translucent door.
  2420 | D:2      | Noticed Crazy Yiuf
  2425 | D:2      | Slain by Crazy Yiuf

Illustrated notes

Levels and vault maps discovered:
D:1:      kennysheep_arrival_seaside, layout_loops_ring, basic_ecumenical_altar,
          minmay_misc_feat_diagonals, bh_walls_and_bars
D:2:      layout_loops_ring, uniq_jessica, uniq_crazy_yiuf_cottage, uniq_robin
D:3:      layout_rooms
D:4:      layout_basic, lightli_sewer_entry_pipes, serial_shops,
          nicolae_shop_behind_doors, nicolae_shop_crystal, shop_coins, shop,
          nicolae_shop_overgrown_old_shop, uniq_duvessa

Skill      XL: |  1  2  3  4 |
---------------+-------------+-----
Stealth        | 6 7 8 |  8.7
Short Blades   | 3 4 |  4.9
Fighting       | |  1.7
Throwing       | |  1.5
Dodging        | |  1.1

Action                   |  1- 3 |  4- 6 || total
-------------------------+-------+-------++-------
Melee: Dagger            |    84 |   174 ||   258
       Bite              |    11 |    22 ||    33
Throw: Dart              |    17 |    10 ||    27
       Stone             |       |     2 ||     2
 Abil: End Transformatio |     1 |       ||     1
       Bat Form          |     1 |       ||     1
       Exsanguinate      |     1 |       ||     1
       Revivify          |     1 |       ||     1
  Use: Scroll            |     3 |       ||     3
       Potion            |       |     2 ||     2
 Stab: Sleeping          |    18 |     5 ||    23
Armor: Robe              |    16 |    27 ||    43
Dodge: Dodged            |    27 |    95 ||   122

Table legend: (Time is in decaauts)
 A = Elapsed time spent in this place.
 B = Non-inter-level travel time spent in this place.
 C = Inter-level travel time spent in this place.
 D = Time resting spent in this place.
 E = Time spent auto-exploring this place.
 F = Levels seen in this place.
 G = Mean time per level.
                   A        B        C        D        E       F      G
               +--------+--------+--------+--------+--------+-----+--------+
         Total |   2372 |   2312 |     60 |    162 |    984 |   4 |  593.0 |
       Dungeon |   2372 |   2312 |     60 |    162 |    984 |   4 |  593.0 |
               +--------+--------+--------+--------+--------+-----+--------+

Top non-repeatable levels by time:
     D:1: 1203 daAuts
     D:2: 718 daAuts
     D:4: 424 daAuts
     D:3: 25 daAuts
